 Dungeon Crawl Stone Soup version 0.19-a0-944-gb338e1e (webtiles) character file.

539 Implojin the Cleaver (level 7, -5/127 HPs)
             Began as a Minotaur Fighter on July 9, 2016.
             Was a Follower of Cheibriados.
             Slain by an orc warrior
             ... wielding a +0 halberd
              (12 damage)
             ... on level 6 of the Dungeon.
             The game lasted 00:03:49 (565 turns).

Implojin the Cleaver (Minotaur Fighter)              Turns: 565, Time: 00:03:50

Health: -5/127     AC: 23    Str: 27    XL:     7   Next: 5%
Magic:  6/6        EV:  2    Int:  7    God:    Cheibriados [*.....]
Gold:   24         SH: 10    Dex: 14    Spells: 0 memorised, 6 levels left

rFire  . . .     SeeInvis .     a - +1 war axe
rCold  . . .     Gourm    .     (armour currently unavailable)
rNeg   + + +     Faith    .     c - +0 shield
rPois  +         Spirit   .     (helmet currently unavailable)
rElec  .         Dismiss  .     (cloak currently unavailable)
rCorr  .         Reflect  .     (gloves currently unavailable)
SustAt .         Harm     .     (boots currently unavailable)
MR     .....     NoTele   +     (no amulet)
Stlth  ..........               (no ring)
                                (no ring)

@: berserking (expiring), tree-form (expiring), very slow, not resistant to
hostile enchantments, extremely unstealthy
A: (retaliatory headbutt), (horns 0)
a: Bend Time, Renounce Religion


You were on level 6 of the Dungeon.
You worshipped Cheibriados.
Cheibriados was aware of your devotion.
You were not hungry.
You were a tree.
You visited 1 branch of the dungeon, and saw 6 of its levels.

You collected 24 gold pieces.

Inventory:

Hand Weapons
 a - a +1 war axe (weapon)
 d - a +0 flail
 l - a +0 flail of holy wrath
Armour
 b - a +0 scale mail
 c - a +0 shield (worn)
 h - a +0 chain mail
 m - a +3 scale mail (melded)
Potions
 j - a potion of cancellation {unknown}
 k - a potion of agility {unknown}
Books
 n - an Akashic Record

   Spells                             Type                      Level
   a - Dispersal                      Translocation                6
   b - Malign Gateway                 Summoning/Translocation      7
   c - Disjunction                    Translocation                8
   d - Controlled Blink               Translocation                8
Comestibles
 f - a bread ration
 i - a beef jerky


   Skills:
 - Level 3.6 Fighting
 * Level 9.3 Axes
 - Level 3.6 Armour
 - Level 3.6 Shields


You had 6 spell levels left.
You didn't know any spells.

Dungeon Overview and Level Annotations

Branches:
Dungeon (6/15)
 Temple: D:4-7

Altars:
Cheibriados
Gozag
Pakellas
Vehumet

Annotations:
D:6 Prince Ribbit


Innate Abilities, Weirdness & Mutations

((You reflexively headbutt those who attack you in melee.))
((You have a pair of horns on your head.))


Message History

The orc warrior is severely wounded.
You block the orc warrior's attack.
The orc warrior hits you from afar with a halberd.
* * * LOW HITPOINT WARNING * * *
Unknown command.
You hit the orc warrior.
The orc warrior is severely wounded.
The orc warrior hits you but does no damage.
You block the orc warrior's attack.
It was a potion of berserk rage.
A red film seems to cover your vision as you go berserk!
Cheibriados protects you from inadvertent hurry.
You feel mighty! You block the orc warrior's attack.
The orc warrior barely misses you.
The howler monkey howls!
You hit the orc warrior but do no damage.
The orc warrior is severely wounded.
Your transformation is almost over.
The howler monkey hoots and howls with incredible vigour!
The orc warrior hits you with a war axe.
* * * LOW HITPOINT WARNING * * *
You block the orc warrior's attack.
You hit the orc warrior.
The orc warrior is severely wounded.
The orc warrior hits you from afar with a halberd.
* * * LOW HITPOINT WARNING * * *
The orc warrior hits you with a war axe!
* * * LOW HITPOINT WARNING * * *
You slash the orc warrior!
You kill the orc warrior!
Cheibriados appreciates the change of pace.
Your Axes skill increases to level 9!
You have reached level 7!
You block the orc warrior's attack.
Unknown command.
You cannot move.
Unknown command.
You feel a strong urge to attack something.
The orc warrior hits you from afar with a halberd!
You die...

#.. .o. ..## ..)
..###o#
.#####..?..#### #
h.............. .. .
#..#######.#
oo..####.ho..$....#
####
.......'...)......#
#...
#+######...)♣.....#
#.## #...).^....#
#.# ##..######.#
#####.# ##.## #.#
#.....# #..#
#.#####.####
##.#####...###.#
#...........##.#
#...####.#...#.#####
#............#......


You could see an orc warrior and a howler monkey.

Vanquished Creatures
  Edmund (D:5)
  An orc warrior (D:6)
  A phantom (D:4)
  A crimson imp (D:4)
  An orc wizard (D:4)
  2 hounds (D:5)
  A worker ant (D:6)
  4 gnolls (D:4)
  2 adders
  2 giant geckos
  9 orcs
  A ball python (D:1)
  A goblin (D:1)
  A hobgoblin (D:1)
  4 jackals (D:2)
  2 quokkas
  2 bats (D:2)
  2 kobolds (D:2)
  A rat (D:2)
39 creatures vanquished.

Notes
Turn   | Place    | Note
-------+----------+-------------------------------------------
     0 | D:1      | Implojin the Minotaur Fighter began the quest for the Orb.
     0 | D:1      | Reached XP level 1. HP: 19/19 MP: 0/0
    52 | D:2      | Reached skill level 3 in Axes
    76 | D:2      | Reached XP level 2. HP: 9/26 MP: 1/1
   124 | D:2      | Found an oddly glowing altar of Pakellas.
   131 | D:2      | Reached skill level 4 in Axes
   134 | D:2      | Found an opulent altar of Gozag.
   134 | D:2      | Found a snail-covered altar of Cheibriados.
   139 | D:2      | Found a radiant altar of Vehumet.
   156 | D:2      | Became a worshipper of Cheibriados the Contemplative
   237 | D:4      | Noticed a crimson imp
   240 | D:4      | Killed a crimson imp
   240 | D:4      | Reached skill level 5 in Axes
   240 | D:4      | Reached XP level 3. HP: 21/31 MP: 2/2
   243 | D:4      | Noticed a phantom
   253 | D:4      | Killed a phantom
   253 | D:4      | Reached skill level 6 in Axes
   253 | D:4      | Reached XP level 4. HP: 27/39 MP: 3/3
   253 | D:4      | Reached XP level 5. HP: 31/45 MP: 4/4
   256 | D:4      | Reached skill level 7 in Axes
   288 | D:5      | Entered Level 5 of the Dungeon
   333 | D:6      | Noticed Prince Ribbit
   381 | D:5      | Reached XP level 6. HP: 20/51 MP: 5/5
   383 | D:5      | Noticed Edmund
   402 | D:5      | Killed Edmund
   402 | D:5      | Reached skill level 8 in Axes
   416 | D:5      | Reached * piety under Cheibriados
   540 | D:6      | Noticed an orc warrior
   555 | D:6      | Noticed an orc warrior
   562 | D:6      | HP: 5/114 [orc warrior/war axe (10)]
   563 | D:6      | Killed an orc warrior
   563 | D:6      | Reached skill level 9 in Axes
   563 | D:6      | Reached XP level 7. HP: 6/57 MP: 6/6
   565 | D:6      | Slain by an orc warrior

Vault maps used:
D:1:      dpeg_arrival_radiant, minivault_4, minmay_pentomino_s4
D:2:      minitemple
D:3:      lemuel_crystal_altar, first_bread, minmay_misc_feat_five,
          nicolae_qazlal_eye_of_the_storm
D:4:      elyvilon_altar_1
D:5:      lemuel_round_altar, uniq_menkaure, uniq_edmund
D:6:      kennysheep_steamy, uniq_eustachio, uniq_prince_ribbit1

Skill      XL: |  1  2  3  4  5  6 |
---------------+-------------------+-----
Axes           | 3 5 6 7 9 |  9.3
Fighting       | |  3.6
Armour         | |  3.6
Shields        | |  3.6

Action                   |  1- 3 |  4- 6 |  7- 9 || total
-------------------------+-------+-------+-------++-------
Melee: War axe           |    34 |    65 |       ||    99
       Headbutt          |     3 |     7 |       ||    10
  Use: Potion            |     1 |     2 |       ||     3
       Scroll            |       |     3 |       ||     3
Armor: Scale mail        |    21 |     6 |       ||    27
       Chain mail        |       |    14 |       ||    14
       Skin              |       |     7 |       ||     7
Dodge: Dodged            |    11 |    16 |       ||    27
Block: Shield            |    24 |    36 |     1 ||    61

Table legend:
 A = Turns spent in this place as a percentage of turns spent in the entire game.
 B = Non-inter-level travel turns spent in this place as a percentage of non-inter-level travel turns spent in the entire game.
 C = Inter-level travel turns spent in this place as a percentage of turns spent in this place.
 D = Turns resting spent in this place as a percentage of non-inter-level travel turns spent in this place.
 E = Turns spent auto-exploring this place as a percentage of non-inter-level travel turns spent in this place.
 F = Non-inter-level travel turns spent in this place divided by the number of levels of this place that you've seen.
                   A       B       C       D       E      F
               +-------+-------+-------+-------+-------+----------------------
         Total | 100.0 | 100.0 |   0.0 |   0.0 |   0.0 | 101.2
       Dungeon | 100.0 | 100.0 |   0.0 |   0.0 |   0.0 | 101.2
               +-------+-------+-------+-------+-------+----------------------

Table legend:
 A = Kills in this place as a percentage of kills in entire the game.
 B = Kills by you in this place as a percentage of kills by you in the entire game.
 C = Kills by friends in this place as a percentage of kills by friends in the entire game.
 D = Other kills in this place as a percentage of other kills in the entire game.
 E = Experience gained in this place as a percentage of experience gained in the entire game.
 F = Experience gained in this place divided by the number of levels of this place that you have seen.
                   A       B       C       D       E      F
               +-------+-------+-------+-------+-------+----------------------
         Total | 100.0 | 100.0 |  -nan |  -nan | 100.0 | 128.3
       Dungeon | 100.0 | 100.0 |  -nan |  -nan | 100.0 | 128.3
               +-------+-------+-------+-------+-------+----------------------
